 Dungeon Crawl Stone Soup version 0.25-a0-177-gd145f35b4e (webtiles) character file.

Game seed: 4872741232061113404, levelgen mode: deterministic

9111 Gumption the Covert (level 11, -3/54 HPs)
             Began as a Spriggan Enchanter on Nov 26, 2019.
             Was a Believer of Dithmenos.
             Slain by an eight-headed hydra (6 damage)
             ... on level 13 of the Dungeon.
             The game lasted 01:36:14 (15666 turns).

Gumption the Covert (Spriggan Enchanter)           Turns: 15666, Time: 01:36:14

Health: -3/54      AC:  4    Str:  4    XL:     11   Next: 18%
Magic:  5/24       EV: 23    Int: 20    God:    Dithmenos [**....]
Gold:   475        SH:  0    Dex: 17    Spells: 10/26 levels left

rFire    . . .     SeeInvis +   a - +1 dagger (elec)
rCold    . . .     Gourm    .   (shield restricted)
rNeg     + . .     Faith    .   I - +0 troll leather armour
rPois    .         Spirit   .   (helmet restricted)
rElec    .         Reflect  .   (no cloak)
rCorr    .         Harm     .   (gloves unavailable)
MR       ++...                  (boots unavailable)
Stlth    ++++++....             (no amulet)
HPRegen  0.58/turn              x - ring of protection from magic
MPRegen  0.19/turn              G - ring of positive energy

@: wreathed by umbra, very quick
A: very small, unfitting armour, see invisible, herbivore, speed 3, slow
metabolism 2
a: Shadow Step, Renounce Religion


You were on level 13 of the Dungeon.
You worshipped Dithmenos.
Dithmenos was pleased with you.
You were not hungry.

You visited 2 branches of the dungeon, and saw 14 of its levels.

You collected 475 gold pieces.

Inventory:

Hand Weapons
 a - a +1 dagger of electrocution (weapon)
 b - a +2 dagger of holy wrath
 d - a +0 hunting sling
 n - a cursed -3 dagger
 y - a +0 dagger of flaming
 D - a +0 fustibalus
 H - a +1 dagger
Missiles
 g - 316 stones (quivered)
 w - 41 sling bullets
 A - 6 atropa-tipped darts
Armour
 c - a +0 robe
 I - a +0 troll leather armour (worn)
Jewellery
 x - a ring of protection from magic (left hand)
 G - a ring of positive energy (right hand)
 K - an uncursed ring of flight
Wands
 t - a wand of paralysis (6)
 B - a wand of disintegration (11)
 C - a wand of iceblast (10)
 E - a wand of clouds (5)
Scrolls
 h - 7 scrolls of teleportation
 j - 6 scrolls of remove curse
 r - 2 scrolls of magic mapping
 F - 2 scrolls of fog
 J - a scroll of blinking {unknown}
 L - a scroll of torment {unknown}
 M - a scroll of identify
Potions
 f - a potion of flight
 i - 5 potions of lignification
 k - a potion of magic
 l - 2 potions of berserk rage
 m - a potion of brilliance
 o - 3 potions of heal wounds
 p - 2 potions of curing
 q - a potion of cancellation {unknown}
 s - a potion of agility
 u - 2 potions of degeneration {unknown}
 v - a potion of ambrosia {unknown}
 z - 2 potions of mutation
Comestibles
 e - 6 rations


   Skills:
 + Level 4.8 Fighting
 + Level 6.6 Short Blades
 + Level 10.0 Dodging
 + Level 11.0 Stealth
 + Level 8.3 Spellcasting
 + Level 9.0 Hexes
 - Level 3.0 Summonings
 - Level 3.0 Translocations
 + Level 4.2 Ice Magic
 + Level 2.5 Invocations


You had 10 spell levels left.
You knew the following spells:

 Your Spells              Type           Power        Failure   Level  Hunger
a - Ensorcelled Hibernat  Hex/Ice        ####..       1%          2    None
b - Blink                 Tloc           N/A          6%          2    None
c - Confuse               Hex            #####...     1%          3    None
d - Tukima's Dance        Hex            #####...     1%          3    None
e - Call Imp              Summ           ###.....     6%          2    None
f - Summon Ice Beast      Ice/Summ       ###.....     32%         4    ###....

Your spell library contained the following spells:

 Spells                   Type           Power        Failure   Level  Hunger
 Corona                   Hex            #####..      1%          1    None
 Slow                     Hex            #####...     1%          2    None
 Summon Guardian Golem    Hex/Summ       ####....     3%          3    None
 Summon Small Mammal      Summ           ###.         4%          1    None
 Dazzling Spray           Conj/Hex       ####..       7%          3    None
 Call Canine Familiar     Summ           ###.....     13%         3    None
 Magic Dart               Conj           #...         14%         1    None
 Searing Ray              Conj           #.....       22%         2    None
 Fulminant Prism          Conj/Hex       ####......   22%         4    ###....
 Conjure Flame            Conj/Fire      #.......     41%         3    None
 Mephitic Cloud           Conj/Pois/Air  #.......     41%         3    None
 Force Lance              Conj/Tloc      ##......     61%         4    ###....
 Summon Lightning Spire   Summ/Air       ##......     61%         4    ###....
 Iskenderun's Mystic Bla  Conj           #.......     82%         4    ###....


Dungeon Overview and Level Annotations

Branches:
Dungeon (12/15)            Temple (1/1) D:7            Lair (0/6) D:9
    Orc (0/2) D:9

Altars:
Ashenzari
Cheibriados
Dithmenos
Elyvilon
Fedhas
Gozag
Hepliaklqana
Kikubaaqudgha
Makhleb
Nemelex Xobeh
Okawaru
Qazlal
Ru
Sif Muna
Trog
Uskayaw
Vehumet
Wu Jian
Xom
Yredelemnul
Zin
The Shining One

Annotations:
D:4 Edmund
D:11 4 runed translucent doors, Erolcha


Innate Abilities, Weirdness & Mutations

You are very small and have problems with some larger weapons.
You are too small for most types of armour.
You have supernaturally acute eyesight. (SInv)
You are a herbivore.
You cover ground extremely quickly.
You need to consume almost no food.


Message History

Casting: Ensorcelled Hibernation (safe; 1% risk of failure)
Confirm with . or Enter, or press ? or * to list all spells.
Aiming: Ensorcelled Hibernation (safe; 1% risk of failure)
Press: ? - help, Shift-Dir - straight line, f - black bear, p - eight-headed hydra
Aim: a black bear (umbra, chance to defeat MR: 62%)
The black bear looks drowsy...
You are too injured to fight recklessly!
The helpless black bear fails to defend itself.
You spit the black bear like a pig!!!
You kill the black bear!
Dithmenos accepts your kill.
The eight-headed hydra closely misses you.
The eight-headed hydra bites you!
* * * LOW HITPOINT WARNING * * *
The eight-headed hydra completely misses you.
The eight-headed hydra bites you but does no damage.
The eight-headed hydra misses you. x2; The eight-headed hydra bites you!
* * * LOW HITPOINT WARNING * * *
The eight-headed hydra bites you.
You die...

#.# #.. #.# #.Y ..G
#.# #.# #h# #.# #.#
#.# ##.######.# #.#
..oY.a....# #.#
#########.# #.# #
#Y#########.########
#
#.....oD@...........
#
#.##########........
#########.#
#........
..).†oD...#
#.h......
##.######.#
#.......V #.# #.#
#........ #.# #.#
#........ #.# #.#
#........ #.# #.#


You could see an eight-headed hydra, an orc warrior and an ice beast
(wandering).

Vanquished Creatures
  A two-headed ogre (D:10)
  An unseen horror (D:10)
  Pikel (D:6)
  An ugly thing (D:7)
  A centaur zombie (D:12)
  2 trolls
  6 yaks
  Sigmund (D:5)
  A wyvern (D:10)
  2 hungry ghosts
  3 wargs (D:9)
  2 ice beasts
  6 orc warriors
  2 sky beasts (D:6)
  2 black bears
  2 ogres
  A phantom (D:9)
  An eye of draining (D:10)
  3 centaurs
  A crocodile (D:8)
  Blork the orc (D:4)
  A big kobold (D:8)
  5 bullfrogs
  A scorpion (D:10)
  5 killer bees (D:10)
  8 wights
  3 howler monkeys
  2 crimson imps
  A jelly (D:7)
  3 centaur skeletons
  13 orc priests
  6 hounds
  14 orc wizards
  A bullfrog skeleton (D:10)
  Ijyb (D:5)
  A gnoll shaman (D:4)
  3 iguanas
  Natasha (thrice) (D:2)
  6 worker ants
  A killer bee zombie (D:6)
  Robin (D:2)
  12 adders
  6 gnolls
  2 adder skeletons
  4 worms
  4 dart slugs
  5 leopard geckos
  45 orcs
  A ball python (D:5)
  5 giant cockroaches
  17 goblins
  7 hobgoblins
  2 jackals (D:3)
  15 kobolds
  A quokka (D:5)
  7 bats
  A frilled lizard (D:2)
  2 giant cockroach zombies
  7 rats
263 creatures vanquished.

Vanquished Creatures (others)
  A dancing weapon (D:7)
  4 slaves (D:6)
  An adder (D:2)
  2 orcs
  A giant cockroach (D:2)
  A quokka (D:6)
  A plant (D:4)
11 creatures vanquished.

Grand Total: 274 creatures vanquished

Notes
Turn   | Place    | Note
-------+----------+-------------------------------------------
     0 | D:1      | Gumption the Spriggan Enchanter began the quest for the
                  | Orb.
     0 | D:1      | Reached XP level 1. HP: 9/9 MP: 5/5
     3 | D:1      | Noticed an electric eel
    13 | D:1      | Noticed an electric eel
   228 | D:1      | Reached XP level 2. HP: 9/13 MP: 4/6
   233 | D:1      | Learned a level 2 spell: Ensorcelled Hibernation
  1007 | D:1      | Reached XP level 3. HP: 12/16 MP: 8/8
  1095 | D:1      | Learned a level 3 spell: Confuse
  1389 | D:2      | Reached skill level 5 in Stealth
  1389 | D:2      | Reached skill level 1 in Ice Magic
  1389 | D:2      | Reached XP level 4. HP: 21/21 MP: 6/9
  1482 | D:2      | Noticed Robin
  1643 | D:2      | Learned a level 3 spell: Tukima's Dance
  1764 | D:2      | Found a white marble altar of Elyvilon.
  1799 | D:2      | Noticed Natasha
  1806 | D:2      | Killed Natasha
  2015 | D:2      | Noticed Natasha
  2212 | D:2      | Killed Natasha
  2212 | D:2      | Reached XP level 5. HP: 24/24 MP: 6/11
  2540 | D:2      | Noticed Natasha
  2541 | D:2      | Killed Robin
  2655 | D:2      | Killed Natasha
  2655 | D:2      | Reached skill level 5 in Hexes
  3441 | D:3      | Found a stormy altar of Qazlal.
  3888 | D:3      | Found a snail-covered altar of Cheibriados.
  3888 | D:3      | Found a radiant altar of Vehumet.
  4011 | D:4      | Found a blossoming altar of Fedhas.
  4040 | D:4      | Reached XP level 6. HP: 28/28 MP: 5/12
  4104 | D:4      | Noticed Blork the orc
  4140 | D:4      | Killed Blork the orc
  4140 | D:4      | Reached skill level 6 in Stealth
  4319 | D:4      | Noticed Edmund
  4324 | D:4      | Found an opulent altar of Gozag.
  4636 | D:4      | Learned a level 2 spell: Call Imp
  5558 | D:5      | Entered Level 5 of the Dungeon
  5620 | D:5      | Noticed Ijyb
  5630 | D:5      | Reached skill level 5 in Dodging
  5630 | D:5      | Reached XP level 7. HP: 32/32 MP: 9/14
  5820 | D:5      | Noticed Sigmund
  6482 | D:5      | Killed Sigmund
  6482 | D:5      | Reached skill level 1 in Fighting
  6500 | D:5      | Killed Ijyb
  7325 | D:6      | Noticed Pikel
  7330 | D:6      | Killed Pikel
  7330 | D:6      | Reached skill level 7 in Stealth
  7330 | D:6      | Reached skill level 5 in Spellcasting
  7330 | D:6      | Reached XP level 8. HP: 24/38 MP: 11/16
  8091 | D:6      | Reached skill level 8 in Stealth
  8170 | D:6      | Reached XP level 9. HP: 43/43 MP: 9/18
  8610 | D:6      | Found a hazy altar of Hepliaklqana.
  9918 | D:7      | Learned a level 4 spell: Summon Ice Beast
 10601 | D:7      | Reached skill level 1 in Summonings
 10926 | D:7      | Noticed a white ugly thing
 10960 | D:7      | Killed a white ugly thing
 10960 | D:7      | Reached skill level 9 in Stealth
 11131 | D:7      | Reached skill level 5 in Short Blades
 11152 | D:7      | Found a staircase to the Ecumenical Temple.
 11167 | Temple   | Entered the Ecumenical Temple
 11518 | Temple   | Became a worshipper of Dithmenos the Shadowed
 11907 | D:8      | Learned a level 2 spell: Blink
 12061 | D:8      | Reached XP level 10. HP: 49/49 MP: 21/21
 12114 | D:8      | Reached skill level 1 in Translocations
 12776 | D:8      | Found a shimmering altar of Xom.
 12776 | D:8      | Found a shimmering altar of Xom.
 12777 | D:8      | Found a shimmering altar of Xom.
 12777 | D:8      | Found a shimmering altar of Xom.
 12777 | D:8      | Found a shimmering altar of Xom.
 12780 | D:8      | Found a shimmering altar of Xom.
 12780 | D:8      | Found a shimmering altar of Xom.
 12789 | D:8      | Found an ancient bone altar of Kikubaaqudgha.
 13631 | D:9      | Found a glowing silver altar of Zin.
 13688 | D:9      | Reached * piety under Dithmenos
 14170 | D:9      | Reached skill level 10 in Stealth
 14630 | D:9      | Found a staircase to the Orcish Mines.
 15003 | D:9      | Found a staircase to the Lair.
 15094 | D:10     | Entered Level 10 of the Dungeon
 15100 | D:10     | Noticed an unseen horror
 15107 | D:10     | Killed an unseen horror
 15115 | D:10     | Reached ** piety under Dithmenos
 15119 | D:10     | Reached skill level 1 in Invocations
 15209 | D:10     | You fall into a shaft and drop 2 floors!
 15282 | D:11     | Noticed Erolcha
 15307 | D:11     | Found a large runed translucent door.
 15307 | D:11     | Found a large runed translucent door.
 15322 | D:11     | Noticed a two-headed ogre
 15322 | D:11     | Noticed a cyan ugly thing
 15328 | D:11     | Found a large runed translucent door.
 15329 | D:11     | Found a large runed translucent door.
 15367 | D:10     | Noticed a two-headed ogre
 15373 | D:10     | Killed a two-headed ogre
 15373 | D:10     | Reached XP level 11. HP: 54/54 MP: 18/24
 15479 | D:10     | Found a radiant altar of Vehumet.
 15564 | D:10     | You fall into a shaft and drop 3 floors!
 15569 | D:13     | Noticed an eight-headed hydra
 15621 | D:13     | Reached skill level 10 in Dodging
 15621 | D:13     | Reached skill level 11 in Stealth
 15666 | D:13     | Slain by an eight-headed hydra

Levels and vault maps discovered:
D:1:      arrival_aquarium_b, layout_loops_ring
D:2:      layout_loops_cross, elyvilon_altar_4, first_ration, minmay_tripent,
          uniq_robin, uniq_natasha
D:3:      layout_loops_ring, lemuel_round_altar,
          gammafunk_temple_overflow_elements
D:4:      layout_rooms, nicolae_gozag_seed_capital, fedhas_altar_3,
          uniq_blork_the_orc, uniq_edmund
D:5:      layout_basic, palyth_stone_intersect, uniq_sigmund, uniq_ijyb
D:6:      black_bear_nest_1, layout_cave_pods, overflow_temple_1_default,
          uniq_pikel
D:7:      layout_layer_cave, minmay_temple_entry_wispy
D:8:      layout_loops_cross, lemuel_doored_altar, nicolae_xom_altar_mimics
D:9:      layout_gridville, nicolae_overflow_crystal_walls,
          erik_lair_orcish_takeover, erik_orc_4
D:10:     layout_basic, basic_altar
D:11:     layout_basic, minmay_hollow_rounded_squares, uniq_erolcha
D:12:     mludivico_vault, layout_rooms, uniq_psyche
D:13:     layout_small_grid, ximxim_vaults_locker_room, the_bakery
Temple:   oiseaux_autumnal_temple

Skill      XL: |  1  2  3  4  5  6  7  8  9 10 11 |
---------------+----------------------------------+-----
Hexes          | 4 5 7 8 9 |  9.0
Spellcasting   | 3 4 5 6 8 |  8.3
Stealth        | 5 6 7 8 9 10 11 | 11.0
Ice Magic      | 1 2 4 |  4.2
Dodging        | 4 5 6 8 9 10 | 10.0
Fighting       | 1 2 3 4 |  4.8
Short Blades   | 2 3 5 6 |  6.6
Summonings     | 1 3 |  3.0
Translocations | 3 |  3.0
Invocations    | 2 |  2.5

Action                   |  1- 3 |  4- 6 |  7- 9 | 10-12 || total
-------------------------+-------+-------+-------+-------++-------
Melee: Dagger            |    73 |   143 |   198 |   149 ||   563
Throw: Stone             |       |     3 |       |       ||     3
 Cast: Corona            |    16 |     9 |       |       ||    25
       Ensorcelled Hiber |     5 |    67 |    99 |   133 ||   304
       Confuse           |       |    10 |    28 |    12 ||    50
       Call Imp          |       |     1 |       |       ||     1
       Tukima's Dance    |       |       |     1 |       ||     1
  Use: Scroll            |       |     8 |     8 |       ||    16
       Potion            |       |       |       |     1 ||     1
 Stab: Sleeping          |    13 |    46 |    56 |    84 ||   199
       Confused          |       |     1 |    22 |     5 ||    28
       Distracted        |       |       |       |     1 ||     1
  Eat: Ration            |       |     3 |     4 |     2 ||     9
Armor: Robe              |     6 |    11 |     3 |     1 ||    21
       Troll leather arm |       |       |       |     7 ||     7
Dodge: Dodged            |    63 |    95 |   121 |   141 ||   420

Table legend:
 A = Non-vault XP
 B = Vault XP
 C = Vault XP percentage of total XP
 D = Non-vault monster count
 E = Vault monster count
 F = Vault count percentage of total count
                 A         B        C        D         E       F
            +---------+---------+-------+---------+---------+-------
      Total |   10620 |    2397 |  18.4 |     218 |      45 |  17.1
            +---------+---------+-------+---------+---------+-------
        D:1 |      55 |       0 |   0.0 |      22 |       0 |   0.0
        D:2 |     164 |      74 |  31.1 |      18 |      14 |  43.8
        D:3 |      86 |       0 |   0.0 |      21 |       0 |   0.0
        D:4 |     219 |     102 |  31.8 |      10 |       1 |   9.1
        D:5 |     355 |     246 |  40.9 |      12 |       2 |  14.3
        D:6 |    1394 |     777 |  35.8 |      34 |       2 |   5.6
        D:7 |    1763 |       0 |   0.0 |      27 |       0 |   0.0
        D:8 |    1157 |       0 |   0.0 |      23 |       0 |   0.0
        D:9 |     746 |    1198 |  61.6 |      14 |      26 |  65.0
       D:10 |    2804 |       0 |   0.0 |      21 |       0 |   0.0
       D:11 |     405 |       0 |   0.0 |       2 |       0 |   0.0
       D:12 |     449 |       0 |   0.0 |       2 |       0 |   0.0
       D:13 |    1023 |       0 |   0.0 |      12 |       0 |   0.0
            +---------+---------+-------+---------+---------+-------
